 Dungeon Crawl Stone Soup version 0.19-a0-1021-g80cc50c (webtiles) character file.

434076 epen the Phalangite (level 23, -2/185 HPs)
             Began as a Merfolk Chaos Knight on July 25, 2016.
             Slain by a spriggan defender (illusionary)
             ... wielding a +2 flail of draining
              (5 damage)
             ... on level 2 of the Depths on July 27, 2016.
             The game lasted 02:18:58 (43178 turns).

epen the Phalangite (Merfolk Chaos Knight)         Turns: 43178, Time: 02:18:59

Health: -2/185     AC: 28    Str: 24    XL:     23   Next: 63%
Magic:  33/33      EV: 26    Int: 14    God:    Xom [....*.]
Gold:   4240       SH:  0    Dex: 27    Spells: 0 memorised, 22 levels left

rFire  + + .     SeeInvis .     t - +10 bardiche of No More Talking {drain, rF+ Int+3}
rCold  + . .     Gourm    +     f - +4 troll leather armour of Duck's Teeth {+Blink Regen+ Dex+10} (curse)
rNeg   . . .     Faith    .     (shield currently unavailable)
rPois  +         Spirit   .     (helmet unavailable)
rElec  +         Dismiss  .     U - +1 cloak of the Flute {rC+}
rCorr  .         Reflect  .     F - +2 pair of gloves {Dex+3}
SustAt .         Harm     .     r - +1 pair of boots of Negation {-Cast rElec rPois MR+}
MR     +++..     NoCast   +     s - amulet "Kesecuf" {Gourm MR+}
Stlth  +++++.....               D - +4 ring of slaying
                                p - +6 ring of protection

@: about to teleport, very slightly contaminated, very heavily drained,
extremely resistant to hostile enchantments, quite stealthy
A: change form in water, swift swim, beak, horns 3, slimy green scales 3, blurry
vision 1, fire resistance 1, sense surroundings 1, electricity resistance,
strong 1
a: Renounce Religion, Evoke Blink
}: 3/15 runes: serpentine, barnacled, abyssal


You were on level 2 of the Depths.
You worshipped Xom.
You were a beloved toy of Xom.
You were very full.

You visited 8 branches of the dungeon, and saw 37 of its levels.
You visited the Abyss 2 times.
You also visited: Labyrinth, Ice Cave and Volcano.

You collected 5467 gold pieces.
You spent 1227 gold pieces at shops.

Inventory:

Hand Weapons
 t - the +10 bardiche of No More Talking (weapon) {drain, rF+ Int+3}
   (You acquired it on level 6 of the Lair of Beasts)

   A truly terrible weapon, it drains the life of those it strikes.
   It affects your intelligence (+3).
   It protects you from fire.
Missiles
 d - 7 throwing nets (quivered)
Armour
 f - the cursed +4 troll leather armour of Duck's Teeth (worn) {+Blink Regen+ Dex+10}
   (You found it in a labyrinth)

   It affects your dexterity (+10).
   It lets you blink.
   It increases your rate of regeneration.
   It has a curse placed upon it.
 r - the +1 pair of boots of Negation (worn) {-Cast rElec rPois MR+}
   (You acquired it on level 1 of the Elven Halls)

   It insulates you from electricity.
   It protects you from poison.
   It affects your resistance to hostile enchantments.
   It prevents spellcasting.
 F - a +2 pair of gloves of dexterity (worn)
 R - a +1 pair of boots of running
 U - the +1 cloak of the Flute (worn) {rC+}
   (You bought it in a shop on level 2 of the Orcish Mines)

   It protects you from cold.
Jewellery
 p - a +6 ring of protection (left hand)
 s - the amulet "Kesecuf" (around neck) {Gourm MR+}
   (Xom gifted it to you on level 5 of the Lair of Beasts)

   [amulet of the gourmand]

   It allows you to eat raw meat even when not hungry.
   It affects your resistance to hostile enchantments.
 D - a +4 ring of slaying (right hand)
 L - an uncursed amulet of regeneration
 O - an uncursed ring of protection from cold
Wands
 B - a wand of teleportation (1/9)
 N - a wand of teleportation (4/9)
 V - a wand of hasting (6/9)
 X - a wand of digging (9/24)
Scrolls
 e - 13 scrolls of teleportation
 g - 20 scrolls of remove curse
 j - 2 scrolls of magic mapping
 l - 16 scrolls of enchant weapon
 m - 6 scrolls of blinking
 n - 26 scrolls of identify
 v - a scroll of enchant armour
 A - 2 scrolls of recharging
 J - 4 scrolls of fog
 Q - 13 scrolls of amnesia
 T - 2 scrolls of fear
 W - a scroll of holy word
 Z - 9 scrolls of immolation
Potions
 i - 5 potions of agility
 k - 2 potions of cure mutation
 o - 4 potions of might
 q - 2 potions of cancellation
 w - 6 potions of flight
 C - a potion of magic
 G - 6 potions of curing
 H - 4 potions of resistance
 I - a potion of berserk rage
 K - 5 potions of ambrosia
 M - 8 potions of haste
 P - 7 potions of brilliance
 S - 4 potions of invisibility
Miscellaneous
 y - a phial of floods
 E - a disc of storms
 Y - a box of beasts
Comestibles
 a - 13 slices of pizza
 c - 11 bread rations
 h - 14 meat rations
 u - 29 fruits
 x - 26 beef jerkies


   Skills:
 + Level 16.3(10.6) Fighting
 * Level 26.3(19.4) Polearms
 * Level 15.9(10.2) Armour
 + Level 18.8(12.9) Dodging
 + Level 13.9(8.6) Stealth
   Level 7.4(2.8) Shields
 + Level 14.4(9.0) Evocations


You had 22 spell levels left.
You didn't know any spells.

Dungeon Overview and Level Annotations

Branches:
Dungeon (15/15)            Temple (0/1) D:5            Lair (6/6) D:8
 Shoals (4/4) Lair:3        Snake (4/4) Lair:2        Slime (0/5) Lair:5
    Orc (2/2) D:11            Elf (3/3) Orc:2        Vaults (1/5) D:14
 Depths (2/5) D:15

Altars:
Dithmenos
Elyvilon
Fedhas
Hepliaklqana
Ru
Sif Muna
Trog
Xom
Yredelemnul
Zin
The Shining One

Shops:
D:4 ?   D:6 }   D:7 }=[[   Orc:2 [[[[   Elf:1 !   Elf:2 }=}   Shoals:4 [
Depths:1 }*

Portals:
Hell: Depths:1 Depths:2
Abyss: Depths:1
Ziggurat: Depths:1

Annotations:
Elf:2 3 runed doors
Abyss:1 Dowan, Snorg


Innate Abilities, Weirdness & Mutations

You revert to your normal form in water.
You are very nimble and swift while swimming.
You have a beak for a mouth.
You have a pair of large horns on your head.
You are completely covered in slimy green scales. (AC +4, rPois)
Scrolls take you a little longer to read.
Your flesh is heat resistant. (rF+)
You passively map a small area around you.
You are resistant to electric shocks. (rElec)
Your muscles are strong. (Str +2)


Message History

Something hits you but does no damage.
You closely miss something. You headbutt something!! You peck something.
You hear a shout!
You hear some strange, mumbled words.
A stone arrow appears from out of thin air!
The stone arrow misses you.
The stone arrow hits the yaktaur.
The large abomination completely misses you.
You slice something!!
Reactivating autopickup.
You feel a bit more experienced.
The spriggan defender hits you with a flail of draining!
* * * LOW HITPOINT WARNING * * *
You feel drained.
* * * LOW HITPOINT WARNING * * *
The large abomination barely misses you.
You feel better.
The spriggan defender hits you with a flail of draining!
* * * LOW HITPOINT WARNING * * *
You feel drained.
You die...
Xom cackles wildly!

#......#.#########.
#...........X.i)i#.
#......#.###'###y#.
#........#....#..#y
#....#i#.#. ..#..i.
#........#, ..#..y.
#.ic##..## ..##...
##i###!..#######.(.
###@##.....[....#.(.
#.X)#......######...
#...)#.....######)..
#....#.....##...#...
#........x.##...####
#...........#...# ##
#.#...........$..#
#.
###...........##.#
#i #........#)..#.#
#.


You could see 2 spriggan defenders, a large abomination and a yaktaur.

Vanquished Creatures
  Mara (Elf:3)
  Vashnia (Snake:3)
  Margery (Depths:1)
  A bone dragon (Abyss:2)
  Jorgrun (Shoals:4)
  An Ice Fiend (IceCv)
  A deep elf blademaster (Elf:3)
  3 deep elf master archers (Elf:3)
  Asterion (Snake:1)
  Agnes (Snake:3)
  A kraken (Shoals:4)
  Polyphemus (Shoals:2)
  Frances (Shoals:2)
  Kirke (Snake:3)
  Roxanne (Snake:4)
  Donald (Snake:2)
  Ilsuiw (Shoals:4)
  8 greater nagas (Snake:4)
  A tengu reaver (Depths:1)
  A frost giant (Depths:2)
  An azure jelly (Elf:1)
  5 deep elf sorcerers
  3 vault wardens (Vaults:1)
  2 spriggan defenders (Depths:2)
  2 deep elf elementalists (Elf:3)
  A war gargoyle (Abyss:3)
  4 ironheart preservers (Vaults:1)
  8 stone giants
  12 very ugly things
  10 deep elf demonologists
  5 deep elf annihilators
  4 ettins
  2 spark wasps (Depths:1)
  6 merfolk javelineers (Shoals:4)
  5 deep elf death magi (Elf:3)
  A minotaur (D:13)
  10 merfolk impalers
  5 yaktaur captains
  6 ice dragons
  3 ogre magi (Vaults:1)
  5 fire dragons
  5 deep elf high priests
  4 great orbs of eyes
  3 rakshasas
  12 hydras
  18 naga warriors
  5 merfolk avatars (Shoals:4)
  2 vault guards
  22 anacondas
  Erica (D:8)
  4 centaur warriors
  The ghost of wtf the Carver, a journeyman HEFi of Okawaru (D:11)
  An alligator snapping turtle (Shoals:4)
  6 satyrs
  4 catoblepae
  8 merfolk aquamancers
  3 deep troll shamans
  A queen ant (Snake:1)
  12 dancing weapons
  5 tengu warriors
  A spriggan berserker (Depths:2)
  3 thrashing horrors
  22 naga sharpshooters
  15 death yaks
  5 deep troll earth magi
  18 deep elf knights
  4 orc high priests (Orc:2)
  8 shock serpents
  A wretched star (Abyss:2)
  A storm dragon zombie (Depths:1)
  5 hell knights (Depths:1)
  3 salamander mystics
  7 unseen horrors
  8 deep trolls
  13 naga ritualists
  2 spatial maelstroms
  14 sea snakes
  A spriggan druid (Depths:2)
  A giant orange brain (Abyss:2)
  3 wizards
  A death drake (Abyss:3)
  8 orc knights
  5 ironbrand convokers (Vaults:1)
  8 hill giants
  A lindwurm (Lair:6)
  A shambling mangrove (Depths:2)
  A wolf spider zombie (Abyss:2)
  21 deep elf archers
  14 mana vipers
  9 harpies
  2 necromancers (Depths:1)
  4 wolf spiders
  12 griffons
  16 manticores
  17 ugly things
  51 deep elf magi
  2 hornets (Vaults:1)
  4 orc sorcerers
  11 fauns
  17 salamanders
  An octopode (shapeshifter) (Depths:2)
  A sixfirhy (Abyss:2)
  12 cyclopes
  3 elephants (Lair:2)
  16 naga magi
  A black mamba (shapeshifter) (Abyss:3)
  43 black mambas
  5 sirens
  15 guardian serpents
  11 water nymphs
  A frost giant skeleton (Depths:1)
  3 vault sentinels (Vaults:1)
  A fire giant skeleton (Depths:1)
  2 ice statues (IceCv)
  Joseph (D:7)
  6 torpor snails (Lair:6)
  2 gargoyles
  3 smoke demons (Abyss:2)
  2 rime drakes (Lair:5)
  9 spiny frogs
  A kobold demonologist (D:14)
  5 komodo dragons
  6 freezing wraiths
  A komodo dragon (shapeshifter) (D:14)
  14 yaktaurs
  3 golden dragon simulacra (IceCv)
  2 tengu conjurers
  An efreet (D:13)
  11 ice devils (IceCv)
  A demonic crawler (Depths:2)
  2 anaconda simulacra
  An ancient zyme (Abyss:2)
  A hellwing (Abyss:3)
  5 catoblepas skeletons (Abyss:3)
  A polar bear (shapeshifter) (D:14)
  A meliai (shapeshifter) (Depths:1)
  34 merfolk
  A meliai (D:10)
  A two-headed ogre (D:9)
  8 polar bears (Lair:6)
  Prince Ribbit (D:8)
  2 wind drakes (Shoals:3)
  A wind drake (shapeshifter) (Depths:1)
  A merfolk (shapeshifter) (Elf:1)
  4 trolls
  A giant leech (shapeshifter) (Vaults:1)
  4 giant leeches (Lair:6)
  12 slime creatures
  7 snapping turtles (Shoals:4)
  11 blink frogs
  4 raiju
  5 boulder beetles
  An ice dragon skeleton (Depths:1)
  4 air elementals
  A fire dragon skeleton (Depths:1)
  A dire elephant simulacrum (IceCv)
  9 wraiths
  A spriggan (shapeshifter) (Elf:3)
  A deep troll skeleton (Depths:1)
  2 vampires
  24 water elementals
  2 hungry ghosts
  2 wyverns
  13 hippogriffs
  3 hogs (Snake:3)
  26 yaks
  4 basilisks
  11 fire elementals
  Grum (D:8)
  2 golden eyes (shapeshifter)
  6 mottled dragons
  4 vampire mosquitoes (D:15)
  A human (Lair:2)
  8 wargs
  9 small abominations
  2 spatial vortices (Abyss:2)
  A swamp worm (shapeshifter) (Vaults:1)
  A neqoxec (Abyss:3)
  12 large abominations
  60 nagas
  4 hydra simulacra (IceCv)
  10 water moccasins
  3 insubstantial wisps (Abyss:2)
  A soldier ant (shapeshifter) (Vaults:1)
  Duvessa (D:7)
  5 hell hounds (Lair:6)
  16 orc warriors
  7 porcupines
  4 ice beasts
  A black bear (shapeshifter) (Depths:2)
  15 black bears
  3 phantoms
  A sky beast (D:9)
  A spriggan simulacrum (Depths:1)
  7 wasps
  An eye of draining (D:12)
  16 ogres
  18 wolves
  13 boggarts
  A necrophage (D:11)
  An ettin simulacrum (IceCv)
  13 crocodiles
  20 centaurs
  12 big kobolds
  12 giant frogs
  11 earth elementals
  A wyvern zombie (D:11)
  A water moccasin zombie (D:6)
  A gnoll sergeant (D:3)
  4 scorpions
  A wyvern skeleton (D:12)
  6 wights
  9 killer bees
  6 electric eels
  4 howler monkeys
  6 crimson imps
  2 giant frog zombies (D:12)
  A human simulacrum (Vaults:1)
  7 centaur zombies
  Crazy Yiuf (D:4)
  6 jellies
  27 orc priests
  3 giant frog skeletons
  21 hounds
  29 orc wizards
  10 iguanas
  Natasha (D:2)
  7 centaur skeletons
  A hell rat (Elf:1)
  An iguana (shapeshifter) (D:14)
  7 worker ants
  23 sheep
  A worker ant zombie (D:9)
  A howler monkey zombie (D:10)
  13 adders
  41 gnolls
  22 river rats
  3 shadow imps
  2 white imps
  5 oozes
  An ufetubus (Abyss:2)
  An adder skeleton (D:5)
  3 worms
  2 dart slugs (D:2)
  7 giant geckos
  100 orcs
  A ball python (D:2)
  13 giant cockroaches
  11 goblins
  5 hobgoblins
  26 jackals
  21 kobolds
  6 quokkas
  8 bats
  7 giant newts
  13 rats
  3 fire vortices
  2 fungi
  2 lurking horrors
  4 plants
  A tentacle (Shoals:4)
1797 creatures vanquished.

Vanquished Creatures (collateral kills)
  A deep elf demonologist (Depths:1)
  Josephine (D:11)
  An orc knight (Vaults:1)
  A salamander (Depths:2)
  An elephant (Lair:2)
  2 yaks (Lair:5)
  A small abomination (Abyss:2)
  A fire elemental (Elf:1)
  A water elemental (Depths:1)
  A warg (shapeshifter) (D:12)
  A water moccasin (Lair:2)
  2 porcupines (Lair:5)
  2 orc warriors
  5 orc priests
  An orc wizard (Orc:2)
  An iguana (Lair:5)
  4 orcs (Orc:2)
27 creatures vanquished.

Vanquished Creatures (others)
  A greater naga (Snake:4)
  A merfolk javelineer (Shoals:4)
  A great orb of eyes (Depths:2)
  A dancing weapon (Depths:2)
  A deep elf mage (Elf:2)
  A mana viper (Snake:3)
  A yaktaur (Vaults:1)
  2 elephants (Lair:2)
  A naga mage (Snake:4)
  2 guardian serpents (Snake:4)
  A black mamba (Snake:3)
  2 komodo dragons
  2 spiny frogs
  A catoblepas skeleton (Abyss:3)
  2 blink frogs (Lair:3)
  2 yaks (Lair:2)
  2 humans (Snake:3)
  A porcupine (Lair:4)
  A water moccasin (Lair:3)
  An orc warrior (D:10)
  A wolf (Lair:2)
  2 crocodiles
  A scorpion (D:8)
  A wight (D:8)
  5 iguanas
  A worker ant zombie (D:8)
  2 river rats
  An ooze (D:4)
  An adder skeleton (D:6)
  2 bushes (Lair:3)
  2 fungi (Lair:6)
  31 plants
  3 tentacles (Shoals:4)
  54 tentacle segments (Shoals:4)
134 creatures vanquished.

Grand Total: 1958 creatures vanquished

Notes
Turn   | Place    | Note
-------+----------+-------------------------------------------
     0 | D:1      | epen the Merfolk Chaos Knight began the quest for the Orb.
     0 | D:1      | Reached XP level 1. HP: 18/18 MP: 1/1
   194 | D:1      | Reached XP level 2. HP: 24/24 MP: 2/2
   221 | D:1      | XOM: mild Chrm miscast
   406 | D:1      | XOM: harmless Tloc miscast
   428 | D:1      | Found a blossoming altar of Fedhas.
   512 | D:2      | Reached skill level 1 in Armour
   544 | D:2      | XOM: harmless Hex miscast
   570 | D:2      | Reached skill level 5 in Polearms
   570 | D:2      | Reached XP level 3. HP: 22/29 MP: 3/3
   652 | D:2      | Found a white marble altar of Elyvilon.
   807 | D:2      | Reached XP level 4. HP: 33/37 MP: 4/4
   923 | D:2      | XOM: confuse monster(s)
   969 | D:2      | Noticed Natasha
   975 | D:2      | Killed Natasha
  1014 | D:2      | XOM: noise
  1081 | D:2      | XOM: give mutations
  1081 | D:2      | Gained mutation: You are partially covered in slimy green scales. (AC +2) [Xom's mischief]
  1081 | D:2      | Gained mutation: You are frail. (-10% HP) [Xom's mischief]
  1225 | D:2      | XOM: harmless Necr miscast
  1243 | D:2      | XOM: give mutations
  1243 | D:2      | Gained mutation: Armour fits poorly on your strangely shaped body. [Xom's mischief]
  1243 | D:2      | Gained mutation: You are resistant to electric shocks. (rElec) [Xom's mischief]
  1243 | D:2      | Gained mutation: You occasionally shout uncontrollably at your foes. [Xom's mischief]
  1267 | D:3      | XOM: noise
  1281 | D:3      | Reached XP level 5. HP: 37/37 MP: 5/5
  1330 | D:3      | XOM: confusion (+ monsters)
  1332 | D:3      | Gained mutation: You are mostly covered in slimy green scales. (AC +3) [potion of mutation]
  1332 | D:3      | Lost mutation: Armour fits poorly on your strangely shaped body. [potion of mutation]
  1332 | D:3      | Gained mutation: You have a beak for a mouth. [potion of mutation]
  1354 | D:3      | Reached skill level 6 in Polearms
  1383 | D:3      | XOM: polymorph jackal -> river rat
  1523 | D:3      | XOM: 1-stop teleportation journey
  1542 | D:3      | Reached XP level 6. HP: 43/43 MP: 6/6
  1790 | D:3      | Reached skill level 7 in Polearms
  1819 | D:3      | XOM: harmless Hex miscast
  2065 | D:3      | Noticed an angel
  2066 | D:3      | Found a glowing silver altar of Zin.
  2066 | D:3      | Found a shimmering altar of Xom.
  2539 | D:3      | Reached XP level 7. HP: 47/49 MP: 7/7
  2591 | D:3      | XOM: chaos cloud
  2594 | D:3      | Paralysed by you for 4 turns
  2653 | D:3      | XOM: noise
  2683 | D:3      | XOM: harmless Air miscast
  2685 | D:3      | Reached skill level 8 in Polearms
  3083 | D:4      | XOM: chaos upgrade
  3087 | D:4      | XOM: mild Summ miscast
  3091 | D:4      | Reached skill level 5 in Dodging
  3169 | D:4      | Found Yfipaxt's Magic Scroll Shoppe.
  3175 | D:4      | Bought a scroll of blinking for 75 gold pieces
  3175 | D:4      | Bought a scroll of teleportation for 30 gold pieces
  3184 | D:4      | XOM: chaos upgrade
  3190 | D:4      | XOM: harmless Fire miscast
  3435 | D:4      | Found a glowing golden altar of the Shining One.
  3438 | D:4      | Found a sacrificial altar of Ru.
  3441 | D:4      | Found a deep blue altar of Sif Muna.
  3540 | D:4      | XOM: harmless Fire miscast
  3668 | D:4      | XOM: enchant monster (bad)
  3714 | D:4      | XOM: smoke on damage
  3715 | D:4      | Reached skill level 5 in Fighting
  3715 | D:4      | Reached XP level 8. HP: 46/55 MP: 8/8
  3915 | D:4      | Found a runed door.
  3919 | D:4      | Noticed Crazy Yiuf
  3924 | D:4      | Killed Crazy Yiuf
  4020 | D:5      | Entered Level 5 of the Dungeon
  4174 | D:5      | XOM: confusion
  4181 | D:5      | XOM: noise
  4358 | D:5      | XOM: mild Divn miscast
  4389 | D:5      | Found a staircase to the Ecumenical Temple.
  4440 | D:5      | XOM: give mutation
  4440 | D:5      | Gained mutation: You are agile. (Dex +2) [Xom's grace]
  4462 | D:5      | Reached skill level 9 in Polearms
  4585 | D:5      | Reached skill level 1 in Evocations
  4776 | D:6      | XOM: harmless Tmut miscast
  5011 | D:6      | XOM: harmless Conj miscast
  5038 | D:6      | Found Kuxaez's Gadget Shoppe.
  5152 | D:6      | Reached skill level 10 in Polearms
  5152 | D:6      | Reached XP level 9. HP: 62/62 MP: 10/10
  5267 | D:6      | XOM: harmless Summ miscast
  5404 | D:6      | Gained mutation: You have a pair of small horns on your head. [potion of beneficial mutation]
  5473 | D:7      | Found a hazy altar of Hepliaklqana.
  5474 | D:7      | XOM: silly message
  5554 | D:7      | Noticed Dowan
  5558 | D:7      | Banished Dowan
  5564 | D:7      | Noticed Joseph
  5565 | D:7      | Found Pejael's Jewellery Shoppe.
  5568 | D:7      | XOM: potion effect (invisibility)
  5701 | D:7      | Killed Joseph
  5701 | D:7      | Reached skill level 5 in Armour
  5875 | D:7      | Noticed Duvessa
  5901 | D:7      | Killed Duvessa
  5922 | D:7      | XOM: harmless Air miscast
  5987 | D:7      | Found Qoak's Gadget Shoppe.
  6132 | D:7      | Found Pataxocsu's Armour Emporium.
  6210 | D:7      | Found Tavacky's Antique Armour Boutique.
  6373 | D:8      | XOM: harmless Fire miscast
  6376 | D:8      | Reached skill level 11 in Polearms
  6420 | D:8      | Noticed Erica
  6426 | D:8      | Killed Erica
  6426 | D:8      | Reached XP level 10. HP: 52/71 MP: 12/12
  6485 | D:8      | XOM: harmless Pois miscast
  6522 | D:8      | XOM: divination: detect creatures
  6523 | D:8      | XOM: harmless Chrm miscast
  6526 | D:8      | Noticed Grum
  6536 | D:8      | Reached skill level 12 in Polearms
  6585 | D:8      | Found a bloodstained altar of Trog.
  6915 | D:8      | Noticed Prince Ribbit
  6924 | D:8      | Killed Prince Ribbit
  7174 | D:8      | XOM: harmless Chrm miscast
  7284 | D:8      | Found a staircase to the Lair.
  7411 | D:8      | Found a basalt altar of Yredelemnul.
  7513 | D:9      | XOM: cast spell 'Spider Form'
  7516 | D:9      | XOM: potion effect (brilliance)
  7523 | D:8      | XOM: potion effect (berserk rage)
  7798 | D:8      | XOM: harmless Ice miscast
  7801 | D:8      | XOM: harmless Tmut miscast
  7858 | D:8      | Identified a scroll of acquirement
  7859 | D:8      | Got an ichor-stained halberd
  7860 | D:8      | Identified the +2 halberd of Tifon {speed, *Contam rPois rN+ Int+3} (You acquired it on level 8 of the Dungeon)
  7985 | D:9      | Reached skill level 13 in Polearms
  8004 | D:9      | Reached skill level 5 in Evocations
  8004 | D:9      | Reached XP level 11. HP: 53/77 MP: 14/14
  8161 | D:9      | XOM: cleaving
  8405 | D:10     | Entered Level 10 of the Dungeon
  8520 | D:10     | XOM: divination: detect creatures
  8582 | D:10     | XOM: polymorph yak -> meliai
  8916 | D:10     | Noticed Snorg
  8918 | D:10     | XOM: scenery: 1 doors open
  9409 | D:10     | XOM: god gift: 12 bolts
  9569 | D:10     | Banished Snorg
  9618 | D:8      | XOM: god gift: 320 gold pieces
  9640 | D:8      | Killed Grum
  9680 | Lair:1   | Entered Level 1 of the Lair of Beasts
 10117 | Lair:1   | Reached skill level 14 in Polearms
 10235 | Lair:1   | XOM: confuse monster(s)
 10246 | Lair:1   | XOM: enchant monster (good)
 10264 | Lair:1   | XOM: 2-stop teleportation journey
 10900 | Lair:2   | Reached skill level 10 in Dodging
 10937 | Lair:2   | XOM: polymorph wolf -> killer bee
 10940 | Lair:2   | Reached XP level 12. HP: 72/85 MP: 16/16
 11158 | Lair:2   | XOM: polymorph yak -> human
 11165 | Lair:2   | Reached skill level 1 in Shields
 11192 | Lair:2   | XOM: 4-stop teleportation journey
 11253 | Lair:2   | Found a staircase to the Snake Pit.
 11307 | Lair:2   | Noticed a five-headed hydra
 11310 | Lair:2   | XOM: medium Summ miscast
 11314 | Lair:2   | XOM: cast spell 'Death Channel'
 11369 | Lair:2   | Killed a ten-headed hydra
 11396 | Lair:2   | XOM: harmless Conj miscast
 11436 | Lair:2   | Noticed a catoblepas
 11449 | Lair:2   | Banished a catoblepas
 11637 | Lair:2   | Reached skill level 15 in Polearms
 11908 | Lair:3   | Found a staircase to the Shoals.
 11990 | Lair:3   | XOM: destruction
 12194 | Lair:3   | XOM: enchant monster (good)
 12977 | Lair:4   | Noticed a death yak
 12978 | Lair:4   | Noticed a death yak
 12978 | Lair:4   | Noticed a death yak
 12978 | Lair:4   | Noticed a death yak
 12985 | Lair:4   | Found a labyrinth entrance.
 12996 | Lab      | Entered a labyrinth
 13599 | Lab      | XOM: silly message
 14738 | Lab      | Noticed a minotaur
 14764 | Lab      | Got a pitted troll leather armour
 14784 | Lair:4   | Noticed a seven-headed hydra
 14794 | Lair:4   | XOM: potion effect (invisibility)
 14813 | Lair:4   | Killed an 11-headed hydra
 14820 | Lair:4   | Killed a death yak
 14820 | Lair:4   | Reached skill level 10 in Fighting
 14838 | Lair:3   | Identified the +4 troll leather armour of Duck's Teeth {+Blink Regen+ Dex+10} (You found it in a labyrinth)
 14857 | Lair:4   | Killed a death yak
 14923 | Lair:4   | XOM: divination: detect creatures
 14927 | Lair:4   | XOM: divination: magic mapping
 14930 | Lair:4   | Reached XP level 13. HP: 74/92 MP: 18/18
 15037 | Lair:4   | XOM: confuse monster(s)
 15214 | Lair:4   | XOM: scenery: create altars
 15355 | Lair:5   | XOM: god gift: sparkling jade amulet {god gift}
 15362 | Lair:5   | Got a sparkling jade amulet {god gift}
 15364 | Lair:5   | Identified the amulet "Kesecuf" {Gourm MR+} (Xom gifted it to you on level 5 of the Lair of Beasts)
 15378 | Lair:5   | XOM: divination: detect creatures
 15402 | Lair:5   | Found a staircase to the Slime Pits.
 15405 | Lair:5   | Reached skill level 5 in Shields
 15432 | Lair:5   | XOM: scenery: create altars
 15436 | Lair:5   | XOM: scenery: create altars
 15442 | Lair:5   | XOM: summons 13 friendly demons
 15533 | Lair:5   | XOM: scenery: create altars
 15570 | Lair:5   | XOM: divine lightning (protected)
 15647 | Lair:5   | XOM: potion effect (agility)
 15728 | Lair:5   | XOM: divine lightning (protected)
 15959 | Lair:6   | Entered Level 6 of the Lair of Beasts
 15971 | Lair:6   | XOM: summons friendly shadow imp
 15973 | Lair:6   | Reached skill level 16 in Polearms
 15976 | Lair:6   | XOM: fake destruction
 15997 | Lair:6   | XOM: cast spell 'Ring of Flames'
 16013 | Lair:6   | Found a dark tunnel.
 16024 | Volcano  | Entered a volcano
 16342 | Lair:6   | XOM: confuse monster(s)
 16344 | Lair:6   | XOM: divination: magic mapping
 16350 | Lair:6   | XOM: mild Necr miscast
 16389 | Lair:6   | XOM: mild Air miscast
 16532 | Lair:6   | XOM: butterfly on damage
 16764 | Lair:6   | Found a runed door.
 16779 | Lair:6   | Noticed an ice dragon
 16796 | Lair:6   | Killed an ice dragon
 16835 | Lair:6   | XOM: god gift: tiny zirconium amulet {god gift}
 16863 | Lair:6   | Reached XP level 14. HP: 99/99 MP: 20/20
 16887 | Lair:6   | XOM: harmless Air miscast
 16907 | Lair:6   | XOM: divination: detect creatures
 16912 | Lair:6   | XOM: potion effect (curing)
 16931 | Lair:6   | XOM: divination: detect creatures
 16934 | Lair:6   | XOM: silly message
 17112 | Lair:6   | Got an ancient halberd
 17114 | Lair:6   | Identified the +3 halberd "Etedim" {freeze, Dex+3} (You acquired it on level 6 of the Lair of Beasts)
 17122 | Lair:6   | XOM: silly message
 17126 | Lair:6   | Got a jewelled bardiche
 17128 | Lair:6   | Identified the +10 bardiche of No More Talking {drain, rF+ Int+3} (You acquired it on level 6 of the Lair of Beasts)
 17252 | Lair:6   | Reached skill level 17 in Polearms
 17417 | Lair:6   | XOM: harmless Divn miscast
 17421 | Lair:6   | XOM: potion effect (berserk rage)
 17424 | Lair:6   | XOM: potion effect (might)
 17436 | Lair:6   | XOM: potion effect (might)
 17604 | Lair:6   | XOM: divination: detect items
 17605 | Lair:6   | XOM: confuse monster(s)
 17630 | Lair:6   | XOM: god gift: 4 tomahawks of returning
 17707 | Lair:2   | XOM: harmless Summ miscast
 17973 | D:11     | Got a faintly glowing plate armour
 17984 | D:11     | Identified the +3 plate armour "Ciogin" {*Contam rF+ MR+ Str+2} (You acquired it on level 11 of the Dungeon)
 18037 | D:11     | XOM: divination: magic mapping
 18100 | D:11     | Found a staircase to the Orcish Mines.
 18145 | D:11     | Noticed Josephine
 18147 | D:11     | XOM: summons 7 friendly demons
 18153 | D:11     | Killed Josephine
 18153 | D:11     | Reached skill level 1 in Stealth
 18158 | D:11     | Reached skill level 10 in Armour
 18342 | D:11     | XOM: 3-stop teleportation journey
 18490 | D:11     | Noticed wtf's ghost (journeyman HEFi)
 18501 | D:11     | Killed wtf's ghost
 18613 | D:11     | XOM: blink monster(s)
 18643 | D:11     | XOM: enchant monster (good)
 18822 | Orc:1    | Entered Level 1 of the Orcish Mines
 18883 | Orc:1    | XOM: 1-stop teleportation journey
 18920 | Orc:1    | XOM: mild Ice miscast
 18928 | Orc:2    | Entered Level 2 of the Orcish Mines
 18932 | Orc:2    | XOM: chaos upgrade
 18934 | Orc:2    | XOM: blink monster(s)
 18935 | Orc:2    | XOM: cast spell 'Summon Dragon'
 18986 | Orc:2    | XOM: confusion
 18999 | Orc:2    | XOM: give mutations
 18999 | Orc:2    | Lost mutation: You have a pair of small horns on your head. [Xom's mischief]
 18999 | Orc:2    | Lost mutation: You occasionally shout uncontrollably at your foes. [Xom's mischief]
 18999 | Orc:2    | Lost mutation: You are agile. (Dex +2) [Xom's mischief]
 19105 | Orc:2    | Found a staircase to the Elven Halls.
 19377 | Orc:2    | XOM: 1-stop teleportation journey
 19380 | Orc:2    | XOM: swap monsters
 19547 | Orc:2    | Found Lozahiza's Armour Shop.
 19547 | Orc:2    | Found Biloatex's Antique Armour Shop.
 19550 | Orc:2    | Found Wysoig's Antique Armour Boutique.
 19551 | Orc:2    | XOM: give mutations
 19551 | Orc:2    | Gained mutation: You have a pair of small horns on your head. [Xom's grace]
 19551 | Orc:2    | Gained mutation: You are somewhat resistant to further mutation. [Xom's grace]
 19551 | Orc:2    | Gained mutation: You passively map a small area around you. [Xom's grace]
 19551 | Orc:2    | Gained mutation: You are completely covered in slimy green scales. (AC +4, rPois) [Xom's grace]
 19552 | Orc:2    | Found Ussar's Armour Boutique.
 19563 | Orc:2    | XOM: smoke on damage
 19584 | Orc:2    | Bought a steaming cloak for 294 gold pieces
 19598 | Orc:2    | Identified the +1 cloak of the Flute {rC+} (You bought it in a shop on level 2 of the Orcish Mines)
 19916 | Orc:1    | XOM: polymorph sheep -> iguana
 20118 | D:11     | XOM: noise
 20153 | D:12     | Reached skill level 18 in Polearms
 20153 | D:12     | Reached XP level 15. HP: 106/106 MP: 21/21
 20156 | D:12     | XOM: confusion
 20233 | D:12     | Found a shadowy altar of Dithmenos.
 20233 | D:12     | XOM: 4-stop teleportation journey
 20256 | D:12     | XOM: confusion
 20307 | D:12     | XOM: summons 7 hostile demons
 20353 | D:12     | XOM: cleaving
 20372 | D:12     | XOM: stat loss: -1 Int (13/14)
 20495 | D:12     | XOM: summons 7 hostile demons
 20880 | D:12     | XOM: cloud trail
 20917 | D:12     | XOM: severe Tloc miscast
 20922 | D:12     | XOM: god gift: 2 curare-tipped needles
 20986 | D:12     | XOM: give mutations
 20986 | D:12     | Gained mutation: You are resistant to hostile enchantments. (MR+) [Xom's grace]
 20986 | D:12     | Gained mutation: Your flesh is heat resistant. (rF+) [Xom's grace]
 20986 | D:12     | Gained mutation: You have a pair of horns on your head. [Xom's grace]
 20986 | D:12     | Gained mutation: Your muscles are strong. (Str +2) [Xom's grace]
 21154 | D:13     | XOM: destruction
 21155 | D:13     | XOM: confuse monster(s)
 21203 | D:13     | XOM: cleaving
 21230 | D:13     | XOM: enchant monster (good)
 21288 | D:13     | XOM: summons 3 hostile demons
 21303 | D:13     | XOM: polymorph griffon -> minotaur
 21373 | D:13     | XOM is BORED!
 21538 | D:14     | XOM: stat loss: -1 Dex (23/24)
 21548 | D:14     | XOM: mild Conj miscast
 21599 | D:14     | Found a gate to the Vaults.
 21724 | D:14     | Found a large runed door.
 21727 | D:14     | XOM: swap monsters
 21751 | D:14     | Found a large runed door.
 21765 | D:14     | Found a glowing golden altar of the Shining One.
 21775 | D:14     | Found a glowing golden altar of the Shining One.
 21901 | D:14     | XOM: 1-stop teleportation journey
 22202 | D:14     | XOM: polymorph cyan ugly thing -> six-headed hydra
 22206 | D:14     | XOM: divine lightning
 22209 | D:14     | XOM: noise
 22211 | D:14     | Reached skill level 5 in Stealth
 22217 | D:14     | XOM: polymorph cyan ugly thing -> fire dragon
 22321 | D:14     | XOM: enchant monster (good)
 22396 | D:14     | Reached skill level 19 in Polearms
 22396 | D:14     | XOM: noise
 22478 | D:14     | XOM: harmless Air miscast
 22539 | D:15     | Entered Level 15 of the Dungeon
 22659 | D:15     | XOM: 3-stop teleportation journey
 22681 | D:15     | XOM: confuse monster(s)
 22689 | D:15     | XOM: divination: detect creatures
 22691 | D:15     | XOM: divination: detect creatures
 22692 | D:15     | XOM: fog
 22721 | D:15     | Reached XP level 16. HP: 113/113 MP: 23/23
 22742 | D:15     | Reached skill level 10 in Evocations
 22742 | D:15     | Reached XP level 17. HP: 118/118 MP: 24/24
 22798 | D:15     | XOM: stat loss: -1 Int (13/14)
 22800 | D:15     | Found a staircase to the Depths.
 22996 | D:15     | XOM: harmless Divn miscast
 23328 | D:8      | XOM: divination: magic mapping
 23413 | Shoals:1 | Entered Level 1 of the Shoals
 23610 | Shoals:1 | Identified a +1 pair of boots of running (You found it on level 1 of the Shoals)
 23765 | Shoals:1 | XOM: potion effect (berserk rage)
 24161 | Shoals:1 | XOM: harmless Pois miscast
 24347 | Shoals:2 | Noticed Frances
 24363 | Shoals:2 | XOM: divination: detect creatures
 24373 | Shoals:2 | XOM: divination: detect items
 24376 | Shoals:2 | Killed Frances
 24415 | Shoals:2 | Noticed Polyphemus
 24425 | Shoals:2 | XOM: confuse monster(s)
 24430 | Shoals:2 | XOM: confuse monster(s)
 24627 | Shoals:2 | XOM: cast spell 'Statue Form'
 24652 | Shoals:2 | XOM: polymorph merfolk javelineer -> griffon
 24744 | Shoals:2 | XOM: summons 3 friendly demons
 24835 | Shoals:2 | XOM: cleaving
 24836 | Shoals:2 | XOM: noise
 24843 | Shoals:2 | Cast into level 2 of the Abyss (merfolk impaler)
 24873 | Abyss:2  | Found a corrupted altar of Lugonu.
 24889 | Abyss:2  | XOM: harmless Tmut miscast
 24916 | Abyss:2  | Reached skill level 20 in Polearms
 24957 | Abyss:2  | Noticed a bone dragon
 24969 | Abyss:2  | XOM: confusion
 24973 | Abyss:2  | XOM: summons 6 friendly demons
 24980 | Abyss:2  | Killed a bone dragon
 25002 | Abyss:2  | XOM: noise
 25053 | Abyss:2  | XOM: butterfly on damage
 25067 | Abyss:2  | XOM: give mutations
 25067 | Abyss:2  | Lost mutation: You are frail. (-10% HP) [Xom's mischief]
 25067 | Abyss:2  | Gained mutation: Scrolls take you a little longer to read. [Xom's mischief]
 25213 | Abyss:2  | XOM: god gift: beef jerky
 25233 | Abyss:2  | XOM: divination: magic mapping
 25258 | Abyss:2  | XOM: harmless Ice miscast
 25308 | Abyss:2  | Found a corrupted altar of Lugonu.
 25316 | Abyss:2  | Found a corrupted altar of Lugonu.
 25354 | Abyss:2  | XOM: blink monster(s)
 25411 | Shoals:2 | Escaped the Abyss
 25431 | Shoals:2 | Killed Polyphemus
 25606 | Shoals:2 | XOM: noise
 25684 | Shoals:2 | XOM: 12-stop teleportation journey
 25948 | Shoals:3 | XOM: chaos upgrade
 25998 | Shoals:3 | XOM: mild Hex miscast
 26101 | Shoals:3 | Reached XP level 18. HP: 142/143 MP: 26/26
 26144 | Shoals:3 | XOM: cast spell 'Metabolic Englaciation'
 26152 | Shoals:3 | XOM: polymorph merfolk -> hill giant
 26162 | Shoals:3 | XOM: confusion
 26517 | Shoals:3 | XOM: chaos cloud
 26519 | Shoals:3 | Reached skill level 15 in Dodging
 26869 | Shoals:4 | Entered Level 4 of the Shoals
 26869 | Shoals:4 | Noticed Ilsuiw
 27016 | Shoals:3 | XOM: medium Erth miscast
 27031 | Shoals:3 | XOM: noise
 27223 | Shoals:4 | XOM: 2-stop teleportation journey
 27224 | Shoals:4 | XOM: smoke on damage
 27226 | Shoals:4 | XOM: destruction
 27237 | Shoals:4 | XOM: 2-stop teleportation journey
 27238 | Shoals:4 | XOM: give mutations
 27238 | Shoals:4 | Lost mutation: You are somewhat resistant to further mutation. [Xom's mischief]
 27238 | Shoals:4 | Gained mutation: You have a pair of large horns on your head. [Xom's mischief]
 27238 | Shoals:4 | Lost mutation: You are resistant to hostile enchantments. (MR+) [Xom's mischief]
 27239 | Shoals:4 | Noticed Jorgrun
 27277 | Shoals:4 | Killed Jorgrun
 27277 | Shoals:4 | Reached skill level 21 in Polearms
 27308 | Shoals:4 | XOM: mild Erth miscast
 27503 | Shoals:4 | XOM: medium Chrm miscast
 27807 | Shoals:4 | XOM: noise
 27816 | Shoals:4 | XOM: harmless Necr miscast
 27835 | Shoals:4 | XOM: divination: detect items
 27855 | Shoals:4 | XOM: medium Tloc miscast
 27876 | Shoals:4 | Killed Ilsuiw
 27981 | Shoals:4 | Got a barnacled rune of Zot
 28050 | Shoals:4 | Found Sutaesk's Antique Armour Emporium.
 28058 | Shoals:4 | Bought a pair of embroidered gloves for 103 gold pieces
 28122 | Shoals:4 | XOM: confuse monster(s)
 28126 | Shoals:4 | XOM: harmless Air miscast
 28289 | Shoals:4 | XOM: cast spell 'Confusing Touch'
 28482 | Shoals:4 | XOM: harmless Erth miscast
 28487 | Shoals:4 | XOM: 8-stop teleportation journey
 28718 | Shoals:4 | XOM: enchant monster (good)
 28885 | Snake:1  | Entered Level 1 of the Snake Pit
 28904 | Snake:1  | XOM: confusion
 28980 | Snake:1  | XOM: harmless Divn miscast
 29085 | Snake:1  | Noticed Asterion
 29116 | Snake:1  | Killed Asterion
 29116 | Snake:1  | Reached XP level 19. HP: 78/150 MP: 27/27
 29235 | Snake:1  | XOM: 1-stop teleportation journey
 29236 | Snake:1  | Noticed Aizul
 29240 | Snake:1  | Noticed Aizul
 29240 | Snake:1  | Aizul changed into Aizul the queen ant
 29240 | Snake:1  | XOM: polymorph Aizul -> Aizul the queen ant
 29247 | Snake:1  | Killed Aizul the queen ant
 29706 | Snake:2  | Reached skill level 22 in Polearms
 29820 | Snake:2  | XOM: summons 9 hostile demons
 29948 | Snake:2  | Noticed Donald
 29952 | Snake:2  | XOM: chaos cloud
 29957 | Snake:2  | Killed Donald
 29957 | Snake:2  | Paralysed by you for 2 turns
 30113 | Snake:2  | XOM: scenery: 1 doors close
 30131 | Snake:2  | XOM: 1-stop teleportation journey
 30434 | Snake:2  | XOM: repel stairs
 30454 | Snake:2  | Reached skill level 10 in Stealth
 30551 | Snake:3  | Noticed Vashnia
 30558 | Snake:3  | XOM: cast spell 'Cause Fear'
 30731 | Snake:3  | XOM: blink monster(s)
 30772 | Snake:3  | XOM: noise
 30862 | Snake:3  | XOM: enchant monster (good)
 31104 | Snake:3  | XOM: fake destruction
 31110 | Snake:3  | Killed Vashnia
 31113 | Snake:3  | XOM: enchant monster (good)
 31134 | Snake:3  | XOM: confuse monster(s)
 31142 | Snake:3  | Noticed Kirke
 31155 | Snake:3  | Killed Kirke
 31160 | Snake:3  | XOM: summons friendly ufetubus
 31268 | Snake:3  | Noticed Agnes
 31276 | Snake:3  | Killed Agnes
 31598 | Snake:3  | XOM: mild Erth miscast
 31725 | Snake:4  | Entered Level 4 of the Snake Pit
 31730 | Snake:4  | Reached XP level 20. HP: 159/159 MP: 29/29
 31736 | Snake:4  | XOM: swap monsters
 31746 | Snake:4  | XOM: noise
 31753 | Snake:4  | XOM: confusion
 32033 | Snake:4  | Noticed Roxanne
 32368 | Snake:4  | Reached skill level 23 in Polearms
 32369 | Snake:4  | XOM: blink monster(s)
 32403 | Snake:4  | XOM: mild Summ miscast
 32523 | Snake:4  | XOM: noise
 32534 | Snake:4  | Killed Roxanne
 32686 | Snake:4  | XOM: enchant monster (good)
 32689 | Snake:4  | XOM: harmless Pois miscast
 32692 | Snake:4  | XOM: harmless Conj miscast
 32715 | Snake:4  | XOM: smoke on damage
 32716 | Snake:4  | XOM: smoke on damage
 32840 | Snake:4  | XOM: confuse monster(s)
 32884 | Snake:4  | XOM: divination: detect items
 33091 | Snake:4  | XOM: enchant monster (good)
 33238 | Snake:4  | XOM: potion effect (invisibility)
 33304 | Snake:4  | XOM: cast spell 'Confusing Touch'
 33378 | Snake:4  | XOM: god gift: chain mail {god gift}
 33451 | Snake:4  | XOM: harmless Tmut miscast
 33461 | Snake:4  | XOM: potion effect (curing)
 33595 | Snake:4  | Got a serpentine rune of Zot
 33864 | D:10     | XOM: divination: detect items
 33870 | D:10     | XOM: cloud trail
 33950 | Vaults:1 | Entered Level 1 of the Vaults
 34076 | Vaults:1 | XOM: potion effect (might)
 34115 | Vaults:1 | XOM: enchant monster (good)
 34119 | Vaults:1 | XOM: cast spell 'Chain of Chaos'
 34176 | Vaults:1 | Reached XP level 21. HP: 166/166 MP: 30/30
 34233 | Vaults:1 | XOM: summons 2 friendly demons
 34239 | Vaults:1 | XOM: enchant monster (good)
 34241 | Vaults:1 | XOM: harmless Tloc miscast
 34257 | Vaults:1 | XOM: enchant monster (good)
 34258 | Vaults:1 | Reached skill level 24 in Polearms
 34527 | Vaults:1 | XOM: mild Hex miscast
 34635 | Vaults:1 | Cast into level 3 of the Abyss (a deep elf demonologist)
 34772 | Abyss:3  | Got an abyssal rune of Zot
 34948 | Abyss:3  | XOM: confuse monster(s)
 34964 | Abyss:3  | XOM: polymorph raiju -> black bear
 34980 | Vaults:1 | Escaped the Abyss
 35020 | Vaults:1 | XOM: cast spell 'Cause Fear'
 35063 | Vaults:1 | Upgraded the game from 0.19-a0-1019-g9c6a58d to 0.19-a0-1021-g80cc50c
 35322 | Vaults:1 | XOM: harmless Tloc miscast
 35359 | Vaults:1 | XOM: noise
 35371 | Vaults:1 | XOM: polymorph ogre mage -> giant leech
 35372 | Vaults:1 | XOM: mild Air miscast
 35378 | Vaults:1 | XOM: polymorph snapping turtle -> shining eye
 35379 | Vaults:1 | Reached skill level 15 in Fighting
 35435 | Vaults:1 | XOM: scenery: create altars
 35593 | Vaults:1 | XOM: harmless Hex miscast
 35740 | Elf:1    | Entered Level 1 of the Elven Halls
 35749 | Elf:1    | XOM: 3-stop teleportation journey
 35802 | Elf:1    | XOM: summons 11 friendly demons
 35813 | Elf:1    | XOM: 2-stop teleportation journey
 35961 | Elf:1    | XOM: confuse monster(s)
 36071 | Elf:1    | XOM: enchant monster (bad)
 36179 | Elf:1    | XOM: 1-stop teleportation journey
 36258 | Elf:1    | XOM: fake destruction
 36263 | Elf:1    | XOM: cast spell 'Hydra Form'
 36272 | Elf:1    | Found a frozen archway.
 36281 | IceCv    | Entered an ice cave
 36466 | IceCv    | XOM: 1-stop teleportation journey
 36541 | IceCv    | Got a translucent plate armour
 36545 | IceCv    | Identified the cursed +0 plate armour of Gravity {rF+ Dex+2} (You found it in an ice cave)
 36632 | IceCv    | XOM: medium Tloc miscast
 36818 | Elf:1    | XOM: god gift: 14 stones
 36891 | Elf:1    | Found Ynteusch's Distillery.
 36899 | Elf:1    | Bought a potion of agility for 60 gold pieces
 36899 | Elf:1    | Bought a potion of haste for 150 gold pieces
 36899 | Elf:1    | Bought a potion of curing for 45 gold pieces
 36899 | Elf:1    | Bought a potion of resistance for 150 gold pieces
 36978 | Elf:1    | XOM: polymorph orc priest -> hell rat
 36990 | Elf:1    | XOM: polymorph something unseen -> green death
 36991 | Elf:1    | XOM: scenery: 2 doors close
 37001 | Elf:1    | XOM: fake destruction
 37016 | Elf:1    | XOM: summons 2 friendly demons
 37085 | Elf:1    | XOM: divination: detect items
 37314 | Elf:1    | XOM: cloud trail
 37351 | Elf:1    | XOM: god gift: brightly glowing ring mail {god gift}
 37352 | Elf:1    | Got a brightly glowing ring mail {god gift}
 37372 | Elf:1    | Got a pair of spiked boots
 37375 | Elf:1    | Identified the +1 pair of boots of Negation {-Cast rElec rPois MR+} (You acquired it on level 1 of the Elven Halls)
 37462 | Elf:2    | XOM: scenery: create altars
 37553 | Elf:2    | Found a runed gate.
 37554 | Elf:2    | Found a runed gate.
 37556 | Elf:2    | Reached XP level 22. HP: 175/175 MP: 32/32
 37557 | Elf:2    | Found a runed gate.
 37589 | Elf:2    | XOM: summons friendly shadow imp
 37889 | Elf:2    | Found Eminies's Gadget Boutique.
 37891 | Elf:2    | Found Ufucon's Gadget Boutique.
 37891 | Elf:2    | Found Foepioro's Jewellery Emporium.
 37898 | Elf:2    | Bought a box of beasts for 320 gold pieces
 38158 | Elf:3    | Entered Level 3 of the Elven Halls
 38219 | Elf:3    | Reached skill level 25 in Polearms
 38219 | Elf:3    | Reached skill level 15 in Armour
 38224 | Elf:3    | XOM: scenery: 1 doors open
 38244 | Elf:3    | Noticed Mara
 38256 | Elf:3    | Noticed epen's illusion
 38261 | Elf:3    | XOM: harmless Hex miscast
 38296 | Elf:2    | XOM: divination: magic mapping
 38959 | Elf:3    | XOM: harmless Air miscast
 39217 | Elf:3    | XOM: potion effect (haste)
 39228 | Elf:3    | XOM: potion effect (might)
 39232 | Elf:3    | XOM: potion effect (berserk rage)
 39294 | Elf:3    | XOM: harmless Chrm miscast
 39295 | Elf:3    | Killed Mara
 40074 | Elf:3    | XOM: cast spell 'Ice Form'
 40530 | Elf:3    | XOM: noise
 40539 | Elf:3    | XOM: harmless Fire miscast
 40760 | Elf:3    | XOM: 3-stop teleportation journey
 40761 | Elf:3    | XOM: mild Fire miscast
 40813 | Elf:3    | XOM: enchant monster (good)
 41375 | D:11     | XOM: cloud trail
 41476 | D:14     | XOM: harmless Summ miscast
 41520 | Depths:1 | Entered Level 1 of the Depths
 41535 | Depths:1 | XOM: cast spell 'Summon Butterflies'
 41567 | Depths:1 | Found Xerecin's Quality Used Wands.
 41628 | Depths:1 | Found a gateway to Hell.
 41628 | Depths:1 | Noticed Margery
 41634 | Depths:1 | XOM: summons 2 friendly demons
 41640 | Depths:1 | XOM: fake destruction
 41651 | Depths:1 | Killed Margery
 41657 | Depths:1 | XOM: summons friendly neqoxec
 41756 | Depths:1 | XOM: destruction
 41766 | Depths:1 | XOM: summons 10 friendly demons
 41797 | Depths:1 | Reached XP level 23. HP: 183/183 MP: 33/33
 41803 | Depths:1 | Found a one-way gate to the infinite horrors of the Abyss.
 41887 | Depths:1 | Found Buatsioz's Bounteous Boutique.
 41942 | Depths:1 | Found a gateway to a ziggurat.
 41963 | Depths:1 | XOM: 5-stop teleportation journey
 42061 | Depths:1 | Reached skill level 26 in Polearms
 42258 | Depths:1 | XOM: noise
 42605 | Depths:2 | XOM: noise
 42608 | Depths:2 | XOM: swap monsters
 42615 | Depths:2 | XOM: enchant monster (bad)
 42616 | Depths:2 | XOM: swap monsters
 42618 | Depths:2 | XOM: cleaving
 42623 | Depths:2 | XOM: god gift: scale mail {god gift}
 42624 | Depths:2 | XOM: summons 3 hostile demons
 42640 | Depths:2 | XOM: summons 2 hostile shadow creatures
 42654 | Depths:2 | XOM: harmless Divn miscast
 42674 | Depths:2 | XOM: swap monsters
 42709 | Depths:2 | XOM: scenery: create altars
 42842 | Depths:2 | XOM: scenery: create altars
 42843 | Depths:2 | XOM: polymorph deep troll shaman -> six-headed hydra
 42882 | Depths:2 | XOM: divination: detect creatures
 42961 | Depths:2 | XOM: polymorph fire dragon -> six-headed hydra
 42988 | Depths:2 | XOM: harmless Fire miscast
 42995 | Depths:2 | XOM: summons 13 friendly demons
 43001 | Depths:2 | XOM: polymorph rakshasa -> demonic crawler
 43032 | Depths:2 | XOM: harmless Conj miscast
 43095 | Depths:2 | XOM: mild Fire miscast
 43130 | Depths:2 | XOM: cast spell 'Call Canine Familiar'
 43135 | Depths:2 | XOM: enchant monster (good)
 43137 | Depths:2 | XOM: cast spell 'Disjunction'
 43144 | Depths:2 | XOM: summons friendly white imp
 43150 | Depths:2 | XOM: divination: detect items
 43177 | Depths:2 | HP: 8/185 [spriggan defender (illusionary)/flail of draining (4)]
 43178 | Depths:2 | HP: 3/185 [spriggan defender (illusionary)/flail of draining (13)]
 43178 | Depths:2 | Slain by a spriggan defender (illusionary)

Vault maps used:
D:1:      dpeg_arrival_water_altar
D:2:      minmay_roachtagon, elyvilon_altar_5, uniq_natasha
D:3:      lemuel_castle_with_subvaults, grunt_temple_overflow_order_and_chaos_1,
          serial_forest, infiniplex_forest_lined_3,
          infiniplex_forest_clump_small, infiniplex_forest_lined_3,
          infiniplex_forest_clump_cross, infiniplex_forest_clump_curved,
          first_bread, minmay_quantized
D:4:      grunt_temple_overflow_open, serial_shops, nicolae_shop_stone,
          uniq_crazy_yiuf_cottage
D:6:      serial_shops, kennysheep_mini_moat
D:7:      lemuel_doored_altar, serial_shops,
          nicolae_shop_temple_entry_statues_fountains, nicolae_shop_crystal,
          shop_fountains, nicolae_shop_crystal, uniq_duvessa, uniq_joseph
D:8:      minmay_distorted_concentric_squares, nicolae_overflow_hidden_temple,
          lemuel_crystal_altar, dpeg_oklobed_lair, uniq_grum,
          uniq_prince_ribbit1, uniq_erica
D:10:     stair_cage_cross, uniq_snorg
D:11:     david_orc_3, hangedman_ranch, uniq_josephine
D:12:     hangedman_cross_cluster, grunt_dithmenos_smoke
D:14:     david_vaults_4, serial_bayou_shore_a, jmf_multi_god_temple2
D:15:     grunt_enter_depths_snipers, abandoned_shop
Lair:1:   serial_forest, infiniplex_forest_lined_3, infiniplex_forest_end_2,
          infiniplex_forest_end_3, infiniplex_forest_clump_medium,
          infiniplex_forest_clump_medium, infiniplex_forest_straight_2,
          infiniplex_forest_straight_1, infiniplex_forest_straight_2,
          beast_lair_carwin_8
Lair:2:   dummy_snake_entry, grunt_megastairs_1
Lair:3:   minmay_shoals_entry_beasts
Lair:4:   lab_entry_generic, beast_lair_carwin_2
Lair:5:   nicolae_slime_entry_slimehenge, grunt_megastairs_4
Lair:6:   hangedman_lair_caniforms_friends, wormcave,
          nicolae_volcano_entry_lava_flow
Shoals:2: uniq_frances, uniq_polyphemus
Shoals:4: shoals_end_simple, shoal_ilsuiw, serial_shops, shop,
          nicolae_shoals_square_sea_wall, hangedman_shoals_cup_caves,
          uniq_jorgrun
Snake:1:  grunt_ministairs_2, spider_trap, uniq_asterion, uniq_aizul
Snake:2:  grunt_ministairs_3, serial_bayou_ford_a, uniq_donald
Snake:3:  grunt_megastairs_2, uniq_vashnia, uniq_kirke, uniq_agnes
Snake:4:  grunt_snake_rune_serpentine_throne, uniq_roxanne
Orc:2:    st_orc_mages
Elf:1:    portal_ice_cave_entry_frozen_things, serial_shops,
          nicolae_shop_crystal, orc_legates, grunt_ministairs_6
Elf:2:    corexii_leaking_fountain, spider_trap, minmay_shop_grove, uniq_louise
Elf:3:    minmay_elf_hall_not_hex, serial_sigils_hangedman_stare, uniq_mara
Vaults:1: vaults_dpeg_doors, vaults_room_door_hall, st_eye,
          grunt_vaults_diagonal, nicolae_vaults_twisting_passages, v_pattern_3,
          hangedman_vaults_hat, v_misc_24, vaults_room_corners,
          ontoclasm_vaults_idyll, nicolae_vaults_mini_display_case,
          v_alt_pattern_4
Depths:1: enter_ziggurat_b, nicolae_abyss_entry_one_way_or_another,
          minmay_misc_feat_five, grunt_metal_band, grunt_ministairs_13,
          nicolae_alphabet_shops, minmay_misc_feat_more_columns, st_stairs_4,
          minivault_14, minmay_hedge_maze, nicolae_for_you_no_charge
Depths:2: grunt_forest_end_shrine, hell_entry, minmay_room_of_horrors,
          grunt_ministairs_6
Abyss:2:  evilmike_abyss_exit_6
Abyss:3:  due_exit_kobolds, hangedman_abyss_rune_flesh_and_stone,
          evilmike_abyss_exit_chaos
Lab:      nicolae_lab_starburst, nicolae_lab_x
IceCv:    ice_cave_tombish
Volcano:  volcano_aerie

Skill      XL: |  1  2  3  4  5  6  7  8  9 10 11 12 13 14 15 16 17 18 19 20 21 22 23 |
---------------+----------------------------------------------------------------------+-----
Dodging        | 3 4 5 6 7 8 10 11 12 13 14 15 16 17 18 | 18.8
Armour         | 1 2 3 4 5 6 7 8 9 10 11 12 13 14 15 | 15.9
Polearms       | 5 6 7 8 10 11 13 14 15 16 18 19 20 21 22 23 24 25 26 | 26.3
Fighting       | 4 5 7 9 10 11 12 13 14 15 16 | 16.3
Evocations     | 2 3 5 6 7 8 9 10 11 12 13 14 | 14.4
Shields        | 4 7 |  7.4
Stealth        | 3 5 6 7 9 10 11 12 13 | 13.9

Action                   |  1- 3 |  4- 6 |  7- 9 | 10-12 | 13-15 | 16-18 | 19-21 | 22-24 || total
-------------------------+-------+-------+-------+-------+-------+-------+-------+-------++-------
Melee: Spear             |   121 |   211 |       |       |       |       |       |       ||   332
       Peck              |       |    27 |    46 |   113 |   232 |   112 |   226 |   166 ||   922
       Tailslap          |       |     3 |     2 |     1 |     1 |    39 |     1 |    17 ||    64
       Halberd           |       |   107 |   344 |   673 |   333 |       |       |       ||  1457
       Headbutt          |       |       |    12 |   121 |   231 |   119 |   272 |   198 ||   953
       Unarmed           |       |       |     3 |    14 |       |       |     8 |       ||    25
       Bardiche          |       |       |       |       |   745 |   795 |  1302 |   789 ||  3631
 Abil: Stop Flying       |       |       |       |       |     1 |       |       |       ||     1
       Evoke Blink       |       |       |       |       |       |       |    18 |     4 ||    22
Evoke: Wand              |       |       |       |     2 |     8 |     6 |     9 |     8 ||    33
       Sack of spiders   |       |       |       |       |     3 |       |       |       ||     3
  Use: Scroll            |       |     3 |    15 |     8 |    13 |     5 |     9 |     4 ||    57
       Potion            |       |     4 |     1 |       |     1 |     2 |    12 |     3 ||    23
 Stab: Sleeping          |     2 |     2 |       |     1 |    19 |    24 |    38 |    10 ||    96
       Distracted        |       |     1 |       |     1 |     8 |    10 |    14 |    14 ||    48
       Petrifying        |       |     1 |       |       |     1 |       |     5 |       ||     7
       Petrified         |       |     1 |       |       |       |       |       |       ||     1
       Paralysed         |       |     3 |       |       |       |       |     2 |       ||     5
       Invisible         |       |       |     3 |     6 |       |       |     7 |       ||    16
       Confused          |       |       |       |     8 |     7 |     2 |     4 |     1 ||    22
  Eat: Chunk             |       |     6 |    13 |    20 |    30 |    18 |    27 |    20 ||   134
       Beef jerky        |       |       |       |     1 |       |       |     1 |       ||     2
       Meat ration       |       |       |       |     1 |       |       |       |       ||     1
       Royal jelly       |       |       |       |       |       |     1 |     1 |       ||     2
       Bread ration      |       |       |       |       |       |       |     2 |       ||     2
Armor: Leather armour    |    31 |    79 |    34 |       |       |       |       |       ||   144
       Skin              |       |    12 |     1 |       |       |    19 |     2 |       ||    34
       Ring mail         |       |       |    58 |    72 |       |       |       |       ||   130
       Chain mail        |       |       |       |    54 |       |       |       |       ||    54
       Troll leather arm |       |       |       |    35 |   309 |   169 |   268 |   132 ||   913
Dodge: Dodged            |    60 |   183 |   149 |   357 |  1174 |   993 |  1157 |   555 ||  4628
